 Dungeon Crawl Stone Soup version 0.21.0-37-g46506fa (webtiles) character file.

192 nikopol the Firebug (level 5, 0/28 HPs)
             Began as a Deep Elf Fire Elementalist on Jan 31, 2018.
             Was an Initiate of Vehumet.
             Killed from afar by an orc wizard (8 damage)
             ... with a magic dart
             ... on level 4 of the Dungeon.
             The game lasted 00:11:33 (3014 turns).

nikopol the Firebug (Deep Elf Fire Elementalist)    Turns: 3014, Time: 00:11:34

Health: 0/28       AC:  2    Str:  5    XL:     5   Next: 42%
Magic:  6/14       EV: 13    Int: 21    God:    Vehumet [......]
Gold:   130        SH:  0    Dex: 15    Spells: 2/13 levels left

rFire    . . .     SeeInvis .   n - +1 short sword (flame)
rCold    . . .     Gourm    +   (no shield)
rNeg     . . .     Faith    .   a - +0 robe
rPois    .         Spirit   .   (no helmet)
rElec    .         Reflect  .   (no cloak)
rCorr    .         Harm     .   (no gloves)
MR       .....                  (no boots)
Stlth    +++.......             k - amulet of the gourmand
HPRegen  0.09/turn              e - ring of stealth
MPRegen  0.14/turn              g - ring of wizardry

@: no status effects
A: no striking features
a: Renounce Religion


You were on level 4 of the Dungeon.
You worshipped Vehumet.
Vehumet was noncommittal.
You were completely stuffed.

You visited 1 branch of the dungeon, and saw 4 of its levels.

You collected 130 gold pieces.

Inventory:

Hand Weapons
 n - a +1 short sword of flaming (weapon)
Armour
 a - a +0 robe (worn)
Jewellery
 e - a ring of stealth (left hand)
 g - a ring of wizardry (right hand)
 k - an amulet of the gourmand (around neck)
Scrolls
 d - a scroll of magic mapping {unknown}
 f - a scroll of fog {unknown}
 i - a scroll of teleportation {unknown}
 l - a scroll of immolation {unknown}
 m - a scroll of enchant weapon {unknown}
Potions
 h - 2 potions of mutation {unknown}
 o - a potion of curing {unknown}
Books
 b - a book of Flames

   Spells                             Type                      Level
   a - Flame Tongue                   Conjuration/Fire             1
   b - Throw Flame                    Conjuration/Fire             2
   c - Conjure Flame                  Conjuration/Fire             3
   d - Inner Flame                    Hexes/Fire                   3
   e - Sticky Flame                   Conjuration/Fire             4
   f - Fireball                       Conjuration/Fire             5
Comestibles
 c - 5 rations
 j - 7 chunks of flesh


   Skills:
 + Level 2.5 Dodging
 + Level 3.2 Stealth
 + Level 4.7 Spellcasting
 + Level 3.1 Conjurations
 + Level 4.8 Fire Magic


You had 2 spell levels left.
You knew the following spells:

 Your Spells              Type           Power        Failure   Level  Hunger
a - Flame Tongue          Conj/Fire      ###..        1%          1    None
b - Throw Flame           Conj/Fire      ###...       1%          2    #......
c - Conjure Flame         Conj/Fire      ###.....     2%          3    ##.....
d - Fireball              Conj/Fire      ###.......   24%         5    ######.


Dungeon Overview and Level Annotations

Branches:
Dungeon (4/15)
 Temple: D:4-7

Altars:
Vehumet


Message History

Casting: Flame Tongue
Confirm with . or Enter, or press ? or * to list all spells.
Aiming: Throw Flame
Press: ? - help, Shift-Dir - straight line, f/p - orc wizard
Aim: an orc wizard, wielding a dagger and wearing a robe (heavily wounded, fast)
The puff of flame hits the orc wizard.
The orc wizard is severely wounded.
The orc wizard points at you and mumbles some strange words.
The puff of flame hits you!
* * * LOW HITPOINT WARNING * * *
Casting: Throw Flame
Confirm with . or Enter, or press ? or * to list all spells.
Aiming: Throw Flame
Press: ? - help, Shift-Dir - straight line, f/p - orc wizard
Aim: an orc wizard, wielding a dagger and wearing a robe (severely wounded, fast)
The puff of flame hits the orc wizard.
The orc wizard appears unharmed.
The orc wizard is severely wounded.
The orc wizard gestures at you while chanting.
The magic dart hits you!
You die...

#.##########
#..........#
#.########.#
#.# #.# #.#
#.#### #.#
#....# #.#
#####...)#
#.#
..........+
#@#
##.###....##
#..o...#
#...)<#
#.##.#.#
####### #
#.#.# #.# #
o.† ... ...


You could see an orc priest and an orc wizard.

Vanquished Creatures
  The ghost of pk666 the Chopper, a weakling MiBe of Trog (D:3)
  Terence (D:2)
  An orc wizard (D:4)
  3 adders
  2 oozes
  A worm (D:3)
  A dart slug (D:2)
  A leopard gecko (D:3)
  3 orcs (D:3)
  4 giant cockroaches
  4 goblins
  4 hobgoblins
  2 jackals (D:1)
  9 kobolds
  3 quokkas
  3 ball pythons
  3 bats (D:1)
  4 frilled lizards
  5 rats
55 creatures vanquished.

Notes
Turn   | Place    | Note
-------+----------+-------------------------------------------
     0 | D:1      | nikopol the Deep Elf Fire Elementalist began the quest for the Orb.
     0 | D:1      | Reached XP level 1. HP: 10/10 MP: 6/6
   233 | D:1      | Reached XP level 2. HP: 15/15 MP: 6/8
   902 | D:2      | Noticed Terence
   914 | D:2      | Learned a level 2 spell: Throw Flame
  1208 | D:2      | Reached XP level 3. HP: 19/19 MP: 7/10
  1215 | D:2      | Learned a level 3 spell: Conjure Flame
  1468 | D:2      | Killed Terence
  1468 | D:2      | Reached XP level 4. HP: 24/24 MP: 1/12
  2200 | D:3      | Noticed pk666's ghost (weakling MiBe)
  2328 | D:3      | Killed pk666's ghost
  2328 | D:3      | Reached XP level 5. HP: 28/28 MP: 2/14
  2473 | D:3      | Found a radiant altar of Vehumet.
  2479 | D:3      | Became a worshipper of Vehumet
  2521 | D:3      | Learned a level 5 spell: Fireball
  3014 | D:4      | Killed from afar by an orc wizard

Skill      XL: |  1  2  3  4  5 |
---------------+----------------+-----
Fire Magic     | 4 |  4.8
Spellcasting   | 4 |  4.7
Stealth        | 3 |  3.2
Conjurations   | 2 3 |  3.1
Dodging        | |  2.5

Action                   |  1- 3 |  4- 6 || total
-------------------------+-------+-------++-------
 Cast: Flame Tongue      |    52 |    53 ||   105
       Throw Flame       |    11 |     7 ||    18
       Conjure Flame     |     1 |     2 ||     3
  Eat: Chunk             |     5 |    12 ||    17
Armor: Robe              |     6 |       ||     6
Dodge: Dodged            |    16 |    11 ||    27
